 Dungeon Crawl Stone Soup version 0.29-a0-770-g2e8140cf71 (webtiles) character file.

Game seed: 13994302237624022168

2515 Nixze the Conjurer (level 9, -3/75 HPs)
             Began as a Ghoul Conjurer on June 30, 2022.
             Was a Plaything of Xom.
             Slain by a wight
             ... wielding a +4 dire flail
              (7 damage)
             ... on level 6 of the Dungeon on July 1, 2022.
             The game lasted 00:19:08 (8943 turns).

Nixze the Conjurer (Ghoul Conjurer)                 Turns: 8943, Time: 00:19:09

Health: -3/75      AC:  5    Str: 11    XL:     9   Next: 54%
Magic:  7/15       EV: 11    Int: 17    God:    Xom [...*..]
Gold:   409        SH:  0    Dex:  7    Spells: 5/18 levels left

rFire   . . .      SeeInvis .   y - +2 whip (elec)
rCold   + . .      Faith    .   (no shield)
rNeg    + + +      Spirit   .   g - +0 leather armour
rPois   ∞          Reflect  .   (no helmet)
rElec   .          Harm     .   A - +0 cloak
rCorr   .          Rampage  .   a - +0 pair of gloves
Will    .....                   (no boots)
Stlth   ++........              (no amulet)
HPRegen 0.00/turn               (no ring)
MPRegen 0.14/turn               (no ring)

@: inhibited regen
A: claws 1, cold resistance 1, negative energy resistance 3, inhibited
regeneration, torment resistance 2, devour on kill
a: Renounce Religion


You were on level 6 of the Dungeon.
You worshipped Xom.
You were a favourite toy of Xom.
You visited 1 branch of the dungeon, and saw 7 of its levels.

You collected 409 gold pieces.

Inventory:

Hand Weapons
 i - a +2 dagger of venom
 y - a +2 whip of electrocution (weapon)
 J - a +1 whip of freezing
Missiles
 C - 3 javelins
 K - 2 poisoned darts
Armour
 a - a +0 pair of gloves (worn)
 g - a +0 leather armour (worn)
 A - a +0 cloak (worn)
Jewellery
 x - the ring of Giukext {Fire rPois Str+6 Int-2}
   (You found it on level 4 of the Dungeon)

   [ring of fire]

   It enhances your fire magic.
   Str:       It affects your strength (+6).
   Int:       It affects your intelligence (-2).
   rF:        It protects you from fire.
   rC:        It makes you vulnerable to cold.
   rPois:     It protects you from poison.
Wands
 D - a wand of iceblast (6)
 F - a wand of flame (3) (quivered)
 H - a wand of quicksilver (5)
Scrolls
 c - 7 scrolls of identify {unknown}
 d - a scroll of silence {unknown}
 h - 3 scrolls of teleportation {unknown}
 j - 2 scrolls of enchant weapon {unknown}
 m - a scroll of torment {unknown}
 o - 4 scrolls of fog {unknown}
 p - 2 scrolls of amnesia {unknown}
 q - a scroll of magic mapping {unknown}
 r - 3 scrolls of vulnerability {unknown}
 t - 3 scrolls of noise {unknown}
 u - a scroll of brand weapon {unknown}
 v - a scroll of immolation {unknown}
 B - 3 scrolls of enchant armour {unknown}
 E - a scroll of blinking {unknown}
Potions
 b - 2 potions of magic
 e - 3 potions of flight {unknown}
 f - 2 potions of heal wounds {unknown}
 k - 2 potions of haste {unknown}
 l - 2 potions of degeneration {unknown}
 n - 3 potions of brilliance {unknown}
 s - a potion of mutation {unknown}
 w - a potion of attraction {unknown}
 z - 2 potions of curing {unknown}
 I - 2 potions of cancellation {unknown}
Miscellaneous
 G - a phantom mirror


   Skills:
 - Level 6.0 Fighting
 - Level 2.0 Dodging
 - Level 4.0 Stealth
 - Level 5.0 Spellcasting
 - Level 6.0 Conjurations
 + Level 4.6 Air Magic
 - Level 4.0 Poison Magic


You had 5 spell levels left.
You knew the following spells:

 Your Spells              Type           Power      Damage    Failure   Level
a - Magic Dart            Conj           96%        1d7       1%          1
b - Searing Ray           Conj           48%        2d6       2%          2
c - Static Discharge      Conj/Air       22%        3-6/arc   3%          2
d - Lightning Bolt        Conj/Air       11%        1d24      52%         5
e - Mephitic Cloud        Conj/Pois/Air  20%        N/A       8%          3

Your spell library contained the following spells:

 Spells                   Type           Power      Damage    Failure   Level
 Dazzling Flash           Conj/Hex       28%        N/A       16%         3
 Slow                     Hex            16%        N/A       19%         1
 Call Imp                 Summ           4%         N/A       28%         2
 Fulminant Prism          Conj/Hex       7%         3d7       47%         4
 Iskenderun's Mystic Bla  Conj/Tloc      14%        2d5       47%         4
 Sticky Flame             Conj/Fire      14%        2d4       47%         4
 Confusing Touch          Hex            4%         N/A       50%         3
 Gell's Gravitas          Tloc           4%         N/A       50%         3
 Lesser Beckoning         Tloc           4%         N/A       50%         3
 Teleport Other           Tloc           4%         N/A       50%         3
 Vampiric Draining        Necr           4%         2d6       50%         3
 Dispel Undead            Necr           4%         3d7       88%         4
 Starburst                Conj/Fire      7%         6d4       100%        6
 Maxwell's Capacitive Co  Air            10%        ∞         100%        8


Dungeon Overview and Level Annotations

Branches:
Dungeon (7/15)             Temple (0/1) D:5

Altars:
Gozag
Nemelex Xobeh
Ru
Sif Muna
Xom
Beogh

Annotations:
D:4 3 runed translucent doors, crabbyslav's ghost, novice DsNe


Innate Abilities, Weirdness & Mutations

You are immune to poison.
You have sharp fingernails.
Your flesh is cold resistant. (rC+)
You are immune to negative energy. (rN+++)
You do not regenerate when monsters are visible.
You are immune to unholy pain and torment.
You thrive by killing the living.


Message History

The wight is severely damaged.
You finish channelling your searing ray.
A sky beast comes into view.
The wight hits you with a +4 dire flail!
Casting: Searing Ray (safe; 2% risk of failure)
Confirm with . or Enter, or press ? or * to list all spells.
Aiming: Searing Ray (safe; 2% risk of failure)
Press: ? - help, Shift-Dir - straight line, f/p - wight
Aim: a wight, wielding a +4 dire flail and wearing a +0 robe (severely damaged, 79% to hit)
The searing ray misses the wight. (Press . to maintain the ray.)
The wight hits you with a +4 dire flail!
* * * LOW HITPOINT WARNING * * *
You emit a cloud of colourful smoke!
The searing ray hits the wight.
The wight is severely damaged.
The wight hits you with a +4 dire flail!
* * * LOW HITPOINT WARNING * * *
Xom is mildly amused.
The searing ray hits the wight but does no damage.
The wight is severely damaged.
You almost hear Xom's maniacal laughter.
Your scroll labelled LARYICR MECUXO falls out of your pack, then immediately jumps back in!
You are now a favourite toy of Xom.
The wight hits you with a +4 dire flail!
You die...
Xom is feeling generous.
Xom revives you!
The wight hits you with a +4 dire flail!
* * * LOW HITPOINT WARNING * * *
Xom thinks this is hilarious!
You climb upwards.
There is a stone staircase leading down here.
Unknown command.
Unknown command.
Okay, then.
Unknown command.
Unknown command.
The wight attacks as you move away!
The wight hits you with a +4 dire flail!
You die...

..+...#.##.# ##†#### #.
.##...#.##.# #.....# #.
<..#.##.##.# #.....# #.
.#.#.##.##.#### #.....####.
...#.##.......# #.....#....
...#.########## #.....#.#).
...#.##.......# #.....#.#).
...#.##.......#########.....#.#..
##.#..........[z@......<......#..
.#.####.......##########.######..
.#.#.....................# ##..
...#.#........################...
...#.#.............#.........#...
...#.#.....#######.#.#######.#...
...#.#.............#.# #.###'
.....#....######.#.#.# #..##.
...###'###.........#.# #.....


You could see a wight.

Vanquished Creatures
  Pikel (D:6)
  Grinder (D:5)
  A steam dragon (D:6)
  Menkaure (D:5)
  2 water moccasins (D:6)
  3 black bears
  An ogre (D:5)
  A kobold brigand (D:6)
  3 phantoms
  2 bullfrogs (D:6)
  A scorpion (D:6)
  A wight (D:6)
  A howler monkey (D:4)
  4 hounds
  2 jellies (D:5)
  An orc priest (D:5)
  3 iguanas
  2 orc wizards (D:6)
  5 adders
  An ufetubus (D:5)
  3 worms
  3 dart slugs
  12 orcs
  5 endoplasms
  A giant cockroach (D:4)
  6 goblins
  6 hobgoblins
  5 jackals
  13 kobolds
  4 quokkas
  5 ball pythons
  10 bats
  2 frilled lizards (D:2)
  7 rats
119 creatures vanquished.

Notes
Turn   | Place    | Note
-------+----------+-------------------------------------------
     0 | D:1      | Nixze the Ghoul Conjurer began the quest for the Orb.
     0 | D:1      | Reached XP level 1. HP: 14/14 MP: 2/2
   407 | D:1      | Reached XP level 2. HP: 22/22 MP: 0/3
   506 | D:1      | Reached skill level 1 in Fighting
  1097 | D:1      | Reached XP level 3. HP: 28/28 MP: 0/4
  1429 | D:2      | Learned a level 2 spell: Searing Ray
  1717 | D:2      | Found a faded altar of an unknown god.
  1799 | D:2      | Prayed at the altar of an unknown god.
  1799 | D:2      | Became a worshipper of Xom of Chaos
  2305 | D:2      | XOM: god gift: 46 gold pieces
  2366 | D:2      | XOM: silly message
  2547 | D:2      | Reached XP level 4. HP: 37/37 MP: 2/5
  2967 | D:3      | XOM: scenery: create altars
  3258 | D:3      | XOM: god gift: 37 gold pieces
  3485 | D:3      | XOM: stat loss: -1 Dex (6/7)
  3758 | D:4      | Reached XP level 5. HP: 45/45 MP: 1/6
  3844 | D:4      | Noticed a black bear
  3847 | D:4      | XOM: summons friendly crimson imp
  3857 | D:4      | Killed a black bear
  4108 | D:4      | Identified the ring of Giukext {Fire rPois Str+6 Int-2}
  4193 | D:4      | XOM: enchant monster (good)
  4197 | D:4      | Reached XP level 6. HP: 51/51 MP: 3/9
  4643 | D:4      | XOM: 1-stop teleportation journey
  5114 | D:4      | XOM is BORED!
  5134 | D:4      | Found a runed translucent gate.
  5134 | D:4      | Found a runed translucent gate.
  5153 | D:4      | Found a runed translucent gate.
  5154 | D:4      | Noticed crabbyslav's ghost (novice DsNe)
  5155 | D:4      | Identified the +1 mace of Discretion {flame, rC++ MP-9}
  5155 | D:4      | Identified the +6 chain mail "Ejajeb" {rPois rF++ rN++}
  5155 | D:4      | Noticed an orc warrior
  5194 | D:4      | XOM: silly message
  5399 | D:5      | Entered Level 5 of the Dungeon
  5403 | D:5      | XOM: confuse monster(s)
  5408 | D:5      | Reached XP level 7. HP: 57/57 MP: 2/12
  5442 | D:5      | XOM: god gift: 3 javelins
  5503 | D:5      | Reached skill level 5 in Spellcasting
  5531 | D:5      | XOM: 2-stop teleportation journey
  5555 | D:5      | XOM: divination: detect creatures
  6145 | D:5      | Noticed Grinder
  6146 | D:5      | Paralysed by Grinder for 5 turns
  6152 | D:5      | XOM: enchant monster (good)
  6161 | D:5      | XOM: enchant monster (good)
  6180 | D:5      | XOM: smoke on damage
  6186 | D:5      | Killed Grinder
  6187 | D:5      | Reached skill level 5 in Conjurations
  6187 | D:5      | Reached XP level 8. HP: 14/63 MP: 0/14
  6388 | D:5      | XOM: god gift: scroll labelled DUSTRA OREPIMOQE {god gift}
  6409 | D:5      | XOM: god gift: phantom mirror
  6475 | D:5      | Found a staircase to the Ecumenical Temple.
  6530 | D:5      | Noticed Menkaure
  6539 | D:5      | Killed Menkaure
  6685 | D:5      | XOM: god gift: wand of quicksilver (5)
  6906 | D:6      | XOM: cloud trail
  7189 | D:6      | Reached skill level 5 in Fighting
  7192 | D:6      | Learned a level 2 spell: Static Discharge
  7198 | D:6      | Learned a level 5 spell: Lightning Bolt
  7202 | D:6      | Learned a level 3 spell: Mephitic Cloud
  7240 | D:6      | Reached skill level 1 in Poison Magic
  7252 | D:6      | XOM: 2-stop teleportation journey
  7311 | D:6      | Noticed Pikel
  7324 | D:6      | XOM: summons friendly crimson imp
  7337 | D:6      | Killed Pikel
  7338 | D:6      | Reached XP level 9. HP: 43/75 MP: 1/15
  7830 | D:6      | XOM: summons friendly quasit
  8137 | D:6      | XOM: silly message
  8214 | D:6      | Found an opulent altar of Gozag.
  8214 | D:6      | Found a sparkling altar of Nemelex Xobeh.
  8323 | D:6      | Found a shimmering blue altar of Sif Muna.
  8324 | D:6      | Found a sacrificial altar of Ru.
  8454 | D:6      | XOM: enchant monster (bad)
  8492 | D:7      | XOM: divination: detect items
  8494 | D:7      | XOM: enchant monster (bad)
  8937 | D:7      | XOM: smoke on damage
  8939 | D:7      | XOM: silly message
  8939 | D:7      | Xom revived you
  8943 | D:6      | Slain by a wight

Illustrated notes

Levels and vault maps discovered:
D:1:      lemuel_arrival_rhombus, layout_loops_corners
D:2:      layout_loops_ring, basic_ecumenical_altar
D:3:      layout_loops_corners
D:4:      layout_loops_cross, biasface_ghost_orc_armoury, kennysheep_cross_room
D:5:      layout_loops_ring, minmay_temple_entry_fiery, uniq_menkaure,
          uniq_grinder
D:6:      layout_basic, grunt_temple_overflow_opulence,
          gammafunk_temple_overflow_pools, uniq_pikel
D:7:      layout_cave_pools, hellmonk_ghost_happy_afterlife, minmay_ruffians,
          uniq_crazy_yiuf_cottage

Skill      XL: |  1  2  3  4  5  6  7  8  9 |
---------------+----------------------------+-----
Fighting       | 1 2 3 6 |  6.0
Conjurations   | 4 5 6 |  6.0
Dodging        | 2 |  2.0
Stealth        | 3 4 |  4.0
Spellcasting   | 3 4 5 |  5.0
Poison Magic   | 3 4 |  4.0
Air Magic      | 2 4 |  4.6

Action                   |  1- 3 |  4- 6 |  7- 9 || total
-------------------------+-------+-------+-------++-------
Melee: Unarmed           |     8 |       |       ||     8
       Dagger            |    21 |    48 |       ||    69
       Whip              |       |    21 |    40 ||    61
       Punch             |       |     1 |     1 ||     2
Throw: Stone             |     6 |       |       ||     6
 Cast: Magic Dart        |    87 |    78 |    73 ||   238
       Searing Ray       |       |     4 |    31 ||    35
Evoke: Wand              |       |       |     3 ||     3
 Stab: Petrified         |       |       |     7 ||     7
Armor: Robe              |     7 |     2 |       ||     9
       Leather armour    |       |     9 |    12 ||    21
Dodge: Dodged            |    25 |    50 |    59 ||   134

Table legend: (Time is in decaauts)
 A = Elapsed time spent in this place.
 B = Non-inter-level travel time spent in this place.
 C = Inter-level travel time spent in this place.
 D = Time resting spent in this place.
 E = Time spent auto-exploring this place.
 F = Levels seen in this place.
 G = Mean time per level.
                   A        B        C        D        E       F      G
               +--------+--------+--------+--------+--------+-----+--------+
         Total |   8949 |   8683 |    266 |   1429 |   6182 |   7 | 1278.4 |
       Dungeon |   8949 |   8683 |    266 |   1429 |   6182 |   7 | 1278.4 |
               +--------+--------+--------+--------+--------+-----+--------+

Top non-repeatable levels by time:
     D:6: 2032 daAuts
     D:4: 1650 daAuts
     D:5: 1485 daAuts
     D:1: 1423 daAuts
     D:2: 1181 daAuts
     D:3: 1143 daAuts
     D:7: 32 daAuts
